 Dungeon Crawl Stone Soup version 0.31.0-32-g396128a36d (webtiles) character file.

Game seed: 4194953621634660481

59 NotreDorf the Poker (level 4, -10/54 HPs)
             Began as a Merfolk Berserker on Apr 6, 2024.
             Was a Believer of Trog.
             Mangled by a goblin
             ... wielding a +0 dagger of electrocution
             ... led by Robin
              (18 damage)
             ... on level 2 of the Dungeon.
             The game lasted 00:04:07 (1010 turns).

NotreDorf the Poker (Merfolk Berserker)             Turns: 1010, Time: 00:04:07

Health: -10/54     AC: 22    Str: 19    XL:     4   Next: 3%
Magic:  4/4        EV:  2    Int:  6    God:    Trog [**....]
Gold:   74         SH:  0    Dex: 13    Spells: 3/3 levels left

rFire   . . .        a - +0 spear
rCold   . . .        (no shield)
rNeg    + . .        e - melded +0 leather armour
rPois   +            (helmet currently unavailable)
rElec   .            (cloak currently unavailable)
rCorr   +            (gloves currently unavailable)
SInv    .            (boots currently unavailable)
Will    +....        (no amulet)
Stlth   ++           d - ring of positive energy
HPRegen 0.29/turn    l - ring of resist corrosion
MPRegen 0.09/turn

%: no passive effects
@: lethally poisoned (-10 -> -14), tree-form (expiring), enlightened
A: stationary, stasis, torment immunity, boosted hp, (nimble swimmer 2),
(mertail)
a: Renounce Religion, Berserk, Trog's Hand


You were on level 2 of the Dungeon.
You worshipped Trog.
Trog was pleased with you.
You were a tree.
You visited 1 branch of the dungeon, and saw 2 of its levels.

You collected 74 gold pieces.

Inventory:

Hand Weapons
 a - a +0 spear (weapon)
 n - the +3 sling "Fextuimm" {freeze, Stlth+}
   (You took it off a kobold on level 2 of the Dungeon)

   Stlth+:    It makes you more stealthy.
Missiles
 o - 6 stones (quivered)
Armour
 e - a +0 leather armour (melded)
Jewellery
 d - a ring of positive energy (left branch)
 l - a ring of resist corrosion (right branch)
Talismans
 b - a beast talisman
Wands
 q - a wand of mindburst (15)
Scrolls
 i - a scroll of torment {unknown}
 j - a scroll of fear {unknown}
 k - a scroll of enchant armour {unknown}
 m - a scroll of identify {unknown}
Potions
 g - a potion of enlightenment
 h - a potion of lignification
 p - a potion of mutation {unknown}


   Skills:
 + Level 3.6 Fighting
 + Level 4.5 Polearms
 - Level 1.4 Armour
 + Level 3.3 Dodging
 + Level 1.4 Stealth
 + Level 1.5 Unarmed Combat
 + Level 1.1 Shapeshifting


You had 3 spell levels left.
You didn't know any spells.
Your spell library was empty.

Dungeon Overview and Level Annotations

Branches:
Dungeon (2/15)

Altars:

Annotations:
D:2 Robin, Sigmund


Innate Abilities, Weirdness & Mutations

You are a tree.
Your roots penetrate the ground, keeping you stationary.
You cannot be teleported.
You are immune to unholy pain and torment.
Your maximum health is greatly increased.
Your equipment is partially melded.
((You are very nimble when in or above water. (Stealth+, EV+, Speed+++)))
((Your lower body shifts to a powerful aquatic tail in water.))


Message History

You are more poisoned.
Something hits you but does no damage.
You swing at nothing.
You feel sick.
You swing at nothing.
You feel sick.
A hobgoblin comes into view.
Something hits you!
You are more poisoned.
You swing at nothing.
Your transformation is almost over.
You feel very sick.
Robin's horned helmet rattles.
You swing at nothing.
You feel very sick. Something hits you.
You swing at nothing.
You feel sick.
The hobgoblin throws a poisoned dart.
The poisoned dart hits you. Robin throws the goblin at you!
The goblin hits you but does no damage.
You puncture the goblin!
You kill the goblin!
Trog accepts your kill.
You feel sick.
The hobgoblin no longer looks unusually strong.
The hobgoblin throws a poisoned dart.
You hear some strange, mumbled words.
Something tries to affect you, but you resist.
Robin roars a battlecry!
You cannot move.
You swing at nothing.
You feel sick.
The hobgoblin throws a poisoned dart.
The poisoned dart hits you! Something hits you.
* * * LOW HITPOINT WARNING * * *
Robin throws the goblin at you!
You barely miss the goblin.
You feel sick.
The goblin hits you with a +0 dagger of electrocution.
* * * LOW HITPOINT WARNING * * *
You closely miss the goblin.
You feel sick.
Sigmund appears from thin air!
Reactivating autopickup.
The hobgoblin no longer looks unusually strong.
Sigmund barely misses you. The goblin hits you but does no damage.
You are electrocuted!!
You die...

#.# #..# ####.# ##.#
#...######.# ##
#.#...#....# ...
#.....#...## #.g
#..#.....###### gg
#..#.......#..#
#@#######.....#..#
#g♣....#..#.....###
#.####.##..#.......#
.. #..######.....#
## ##.....#...#...
#####.....#...
#########. ##


You could see Sigmund (very poisoned), Robin, 2 hobgoblins and a goblin
(strong).

Vanquished Creatures
  An adder (D:2)
  A ribbon worm (D:2)
  6 ball pythons
  8 bats
  3 endoplasms (D:2)
  4 giant cockroaches
  3 goblins (D:2)
  5 hobgoblins
  2 quokkas
  4 frilled lizards
  2 kobolds
  3 rats (D:2)
42 creatures vanquished.

Notes
Turn   | Place    | Note
-------+----------+-------------------------------------------
     0 | D:1      | NotreDorf the Merfolk Berserker began the quest for the
                  | Orb.
     0 | D:1      | Reached XP level 1. HP: 18/18 MP: 1/1
   114 | D:1      | Reached XP level 2. HP: 23/24 MP: 2/2
   555 | D:1      | Reached skill level 1 in Stealth
   641 | D:2      | Reached skill level 1 in Unarmed Combat
   643 | D:2      | Reached XP level 3. HP: 29/29 MP: 3/3
   675 | D:2      | Reached ** piety under Trog
   712 | D:2      | Identified the +3 sling "Fextuimm" {freeze, Stlth+}
   849 | D:2      | Reached skill level 1 in Shapeshifting
   984 | D:2      | Noticed Sigmund
   990 | D:2      | Noticed Robin
   998 | D:2      | Reached XP level 4. HP: 36/36 MP: 4/4
  1010 | D:2      | Mangled by a goblin

Illustrated notes

Levels and vault maps discovered:
D:1:      nicolae_arrival_escape_room, layout_rooms
D:2:      layout_loops_ring, chequers_ecumenical_altar_simple,
          hangedman_decor_push, minmay_hexomino_c4, uniq_sigmund, uniq_robin

Skill      XL: |  1  2  3 |
---------------+----------+-----
Dodging        | 3 |  3.3
Stealth        | 1 |  1.4
Unarmed Combat | 1 |  1.5
Shapeshifting  | 1 |  1.1
Fighting       | |  3.6
Polearms       | |  4.5
Armour         | |  1.4

Action                     |  1- 3 |  4- 6 || total
---------------------------+-------+-------++-------
  Melee: Spear             |   125 |     5 ||   130
         Punch             |     2 |       ||     2
    Use: Potion            |     4 |       ||     4
   Stab: Sleeping          |     4 |       ||     4
 Armour: Leather armour    |    43 |       ||    43
         Animal skin       |     2 |       ||     2
         Skin              |     4 |    10 ||    14
  Dodge: Dodged            |    56 |     1 ||    57
